Map: Dusk Towers

Players

MajeStic - Winner!

  • Race: Protoss Protoss
  • League: Grandmaster

Lilbow

  • Race: Protoss Protoss

Event: DreamHack ROCCAT LotV Championship

VOD

Have the link to the VOD?

Description

Time

  • Played on: Nov. 26, 2015, 1:48 p.m.
  • Length: 15:20

All games in this series

Show
View Real Time Build Order
Export as new Build Order

MajeStic Protoss - Winner!

Build Orders: Nexus First 

Get SALT Encoding   

  12  0:00  Probe (Chrono Boost)  
  13  0:11  Probe (Chrono Boost)  
  14  0:18  Pylon  
  14  0:22  Probe (Chrono Boost)  
  15  0:36  Probe (Chrono Boost)  
  16  0:46  Probe (Chrono Boost)  
  17  0:58  Nexus  
  17  1:07  Gateway  
  17  1:09  Probe (Chrono Boost)  
  18  1:16  Assimilator  
  18  1:20  Probe (Chrono Boost)  
  19  1:26  Assimilator  
  19  1:30  Probe (Chrono Boost)  
  20  1:38  Gateway  
  20  1:41  Probe (Chrono Boost)  
  21  1:52  Probe (Chrono Boost)  
  22  1:55  Cybernetics Core  
  22  2:02  Probe (Chrono Boost)  
  23  2:10  Probe (Chrono Boost)  
  23  2:13  Probe (Chrono Boost)  
  25  2:21  Probe (Chrono Boost)  
  26  2:23  Probe (Chrono Boost)  
  26  2:29  Warp Gate (Chrono Boost)  
  27  2:31  Probe (Chrono Boost), Adept x2 (Chrono Boost)  
  27  2:36  Mothership Core (Chrono Boost)  
  34  2:42  Probe (Chrono Boost)  
  35  2:47  Pylon  
  35  2:53  Probe (Chrono Boost)  
  35  2:55  Probe (Chrono Boost)  
  37  3:02  Probe (Chrono Boost)  
  38  3:06  Probe, Robotics Facility  
  39  3:13  Probe  
  39  3:18  Probe  
  39  3:19  Pylon  
  41  3:23  Probe  
  41  3:27  Gateway  
  42  3:29  Gateway  
  42  3:31  Probe  
  43  3:36  Probe  
  44  3:43  Gateway  
  44  3:44  Probe  
  44  3:48  Pylon  
  45  3:52  Warp Prism (Chrono Boost)  
  47  3:58  Gateway  
  47  4:02  Gateway  
  46  4:11  Pylon  
  46  4:26  Observer  
  46  4:27  Stalker x4  
  55  4:48  Pylon  
  55  4:56  Warp Prism  
  55  4:57  Stalker x3  
  55  4:58  Stalker x2, Adept  
  59  5:20  Stalker x2, Adept  
  63  5:22  Adept x2  
  63  5:23  Adept  
  63  5:25  Adept  
  63  5:40  Immortal  
  65  5:46  Probe x2  
  65  5:50  Stalker x2, Adept, Zealot x3  
  65  5:56  Adept  
  73  5:59  Assimilator  
  63  6:10  Probe  
  62  6:12  Assimilator  
  56  6:19  Immortal  
  52  6:30  Mothership Core  
  52  6:35  Pylon  
  52  6:41  Pylon  
  53  6:49  Adept x4  
  53  6:50  Adept x2  
  66  6:55  Adept  
  66  7:03  Immortal (Chrono Boost)  
  70  7:10  Stalker x2, Zealot  
  70  7:11  Zealot  
  70  7:15  Adept  
  80  7:21  Adept  
  80  7:22  Adept  
  83  7:29  Stalker  
  85  7:32  Stalker  
  85  7:36  Stalker  
  89  7:41  Stalker  
  91  7:46  Stalker  
  87  7:56  Stalker  
  87  7:57  Stalker  
  85  7:58  Stalker  
  75  8:15  Adept x4  
  75  8:24  Stalker x2  
  75  8:26  Sentry  
  83  8:46  Adept x4  
  73  8:58  Immortal (Chrono Boost)  
  73  8:59  Stalker x2  
  81  9:15  Nexus  
  81  9:22  Mothership Core  
  84  9:31  Observer (Chrono Boost)  
  84  9:34  Twilight Council  
  74  9:51  Immortal (Chrono Boost)  
  74  10:01  Sentry x2, Adept x2  
  74  10:02  Adept x2  
  84  10:08  Stalker  
  84  10:13  Blink (Chrono Boost)  
  86  10:23  Pylon  
  86  10:26  Pylon  
  86  10:30  Stalker x2  
  86  10:35  Observer  
  91  10:41  Stalker x2  
  94  10:48  Stalker  
  96  10:50  Sentry  
  99  10:57  Observer  
  99  10:58  Adept  
  99  11:00  Adept  
  103  11:04  Adept  
  103  11:05  Adept  
  107  11:15  Adept x3  
  109  11:23  Adept  
  109  11:24  Adept  
  97  11:26  Stalker  
  97  11:29  Stalker  
  81  11:36  Stalker  
Show
View Real Time Build Order
Export as new Build Order

Lilbow Protoss 

Build Orders: Nexus First, Blink Stalkers 

Get SALT Encoding   

  12  0:01  Probe (Chrono Boost)  
  13  0:11  Probe (Chrono Boost)  
  14  0:17  Pylon  
  14  0:22  Probe (Chrono Boost)  
  15  0:35  Probe (Chrono Boost)  
  16  0:46  Probe (Chrono Boost)  
  17  0:56  Probe (Chrono Boost)  
  18  1:00  Nexus  
  18  1:07  Probe (Chrono Boost)  
  19  1:12  Gateway  
  19  1:17  Probe (Chrono Boost)  
  20  1:20  Assimilator  
  20  1:28  Probe (Chrono Boost)  
  20  1:29  Assimilator  
  21  1:34  Pylon  
  21  1:38  Probe (Chrono Boost)  
  22  1:49  Probe (Chrono Boost)  
  22  1:52  Gateway  
  23  1:59  Probe (Chrono Boost)  
  24  2:03  Cybernetics Core  
  24  2:10  Probe (Chrono Boost)  
  25  2:17  Probe (Chrono Boost)  
  25  2:20  Probe (Chrono Boost)  
  27  2:28  Probe (Chrono Boost)  
  28  2:31  Probe (Chrono Boost)  
  29  2:38  Probe (Chrono Boost)  
  29  2:39  Stalker x2  
  29  2:41  Probe (Chrono Boost)  
  29  2:42  Warp Gate  
  35  2:49  Probe (Chrono Boost)  
  36  2:52  Probe (Chrono Boost)  
  37  2:59  Probe (Chrono Boost)  
  37  3:03  Mothership Core (Chrono Boost)  
  40  3:06  Pylon  
  40  3:09  Stalker  
  40  3:10  Probe (Chrono Boost)  
  40  3:11  Stalker  
  45  3:20  Probe (Chrono Boost)  
  45  3:24  Probe (Chrono Boost)  
  47  3:28  Twilight Council  
  47  3:31  Probe (Chrono Boost)  
  47  3:34  Pylon  
  48  3:35  Probe (Chrono Boost)  
  48  3:39  Stalker  
  51  3:41  Probe (Chrono Boost), Assimilator  
  51  3:45  Probe (Chrono Boost)  
  53  3:52  Probe (Chrono Boost)  
  54  3:56  Probe (Chrono Boost)  
  56  4:03  Probe (Chrono Boost)  
  56  4:04  Blink (Chrono Boost)  
  56  4:06  Probe (Chrono Boost)  
  57  4:11  Nexus  
  57  4:13  Robotics Facility  
  57  4:14  Probe (Chrono Boost)  
  57  4:17  Probe, Assimilator  
  59  4:25  Pylon  
  59  4:33  Gateway  
  59  4:35  Gateway  
  59  4:38  Gateway  
  59  4:45  Stalker  
  59  4:46  Stalker  
  61  5:02  Immortal  
  59  5:09  Stalker x2  
  42  5:31  Stalker x2  
  42  5:32  Stalker x2  
  47  5:38  Probe  
  47  5:39  Stalker, Probe  
  51  5:45  Probe  
  51  5:48  Probe  
  52  5:51  Probe  
  52  5:55  Probe  
  54  5:59  Stalker  
  54  6:00  Stalker x2  
  57  6:04  Probe  
  57  6:09  Probe  
  53  6:13  Probe  
  52  6:21  Probe  
  52  6:22  Probe  
  52  6:23  Probe  
  50  6:33  Probe (Chrono Boost)  
  50  6:34  Probe (Chrono Boost)  
  50  6:35  Probe (Chrono Boost)  
  53  6:42  Stalker x3  
  53  6:44  Observer  
  53  6:45  Probe x2 (Chrono Boost)  
  53  6:47  Probe (Chrono Boost)  
  63  6:55  Probe (Chrono Boost)  
  63  6:56  Stalker, Probe (Chrono Boost)  
  63  6:57  Probe (Chrono Boost)  
  63  6:59  Stalker  
  70  7:07  Stalker  
  70  7:08  Stalker  
  74  7:11  Mothership Core (Chrono Boost)  
  76  7:15  Stalker  
  76  7:19  Pylon  
  78  7:23  Stalker  
  78  7:26  Observer (Chrono Boost)  
  81  7:35  Stalker  
  81  7:36  Stalker  
  85  7:41  Stalker  
  87  7:45  Pylon  
  85  7:57  Immortal (Chrono Boost), Zealot  
  83  8:01  Zealot x3  
  89  8:09  Stalker  
  81  8:19  Sentry  
  70  8:22  Sentry, Zealot  
  54  8:52  Stalker x2  
  54  8:53  Stalker x3  
  56  9:13  Immortal (Chrono Boost)  
  60  9:17  Sentry, Stalker x2  
  60  9:18  Stalker x2  
  70  9:36  Probe x2  
  70  9:43  Pylon  
  66  9:45  Pylon  
  66  9:48  Probe  
  66  9:51  Stalker x2  
  70  10:03  Warp Prism (Chrono Boost)  
  72  10:10  Stalker x2  
  72  10:12  Sentry  
  78  10:14  Sentry  
  78  10:15  Stalker  
  82  10:23  Pylon  
  82  10:54  Stalker x2  
  82  10:55  Stalker x3  
  82  11:19  Stalker x5  

Tags
 
Add a new tag
Caveats
  • Supply blocks, unpowered buildings, or Contaminate may cause inaccurate times.
  • Supply counts are checked every 10 seconds.